AoeStats
← 精锐蒙古突骑

Arena

510290066Analyzed
2v2 RM · 1d ago on Sep 30, 2026· 31m 29s· 4 players
Game mode
Random Map
Map size
Medium (4 player)
Population
200
Speed
Normal
Resources
Standard
Victory
Conquest
Starting age
Dark Age
Ending age
Imperial Age
RankedLock teamsTeams togetherTeam positionsShared explorationLock speedFull tech treeHidden civsTurbo modeCheats
Victory
Defeat
🇦🇷 Celts · Argentina
1311
+12
1310
+12
🇬🇧 Danes · United Kingdom
1231
-12
🇬🇧 Varangians · United Kingdom
1229
-12
ScotJ
11:14 Feudal Age
10:50 Loom
15:05 Castle Age
13:10 Double-Bit Axe
13:05 Horse Collar
16:51 Heavy Plow
20:51 Bow Saw
21:53 Devotion
22:45 Squires
23:13 Fervor
23:16 Gambesons
23:34 Scale Mail Armor
25:02 Gold Mining
27:09 Wheelbarrow
26:57 Forging
26:48 Pikeman
27:47 Stone Mining
28:25 Chain Mail Armor
29:47 Hand Cart
30:18 Stone Shaft Mining
30:15 Masonry
31:05 Iron Casting
30:28 Town Watch
Nate The Great
7:16 Loom
10:27 Feudal Age
11:41 Town Watch
14:18 Castle Age
12:17 Double-Bit Axe
12:28 Horse Collar
15:27 Wheelbarrow
15:20 Bow Saw
16:51 Heavy Plow
19:20 Loom
20:44 Hand Cart
20:58 Hand Cart
24:23 Scale Mail Armor
24:40 Gold Mining
24:42 Stone Mining
25:09 Forging
28:52 Gold Shaft Mining
30:54 Imperial Age
28:56 Chain Mail Armor
29:16 Iron Casting
28:30 Gambesons
28:45 Squires
精锐蒙古突骑
5:02 Double-Bit Axe
10:19 Feudal Age
14:19 Castle Age
12:26 Horse Collar
14:28 Light Cavalry
21:33 Cavalier
23:55 Wheelbarrow
24:06 Scale Barding Armor
24:32 Husbandry
25:50 Forging
27:07 Iron Casting
28:26 Chain Barding Armor
28:48 Hand Cart
31:38 Fortified Wall
31:39 Masonry
我没医保我不上
11:55 Feudal Age
13:03 Double-Bit Axe
13:22 Horse Collar
15:45 Castle Age
15:21 Loom
17:39 Bow Saw
20:35 Wheelbarrow
20:34 Town Watch
24:22 Heavy Plow
24:23 Gold Mining
25:50 Scale Mail Armor
26:59 Gold Shaft Mining
26:38 Stone Mining
27:29 Forging
27:57 Hand Cart
28:48 Chain Mail Armor
32:51 Imperial Age
31:41 Iron Casting
31:24 Town Patrol
31:16 Fletching
Connection lost

Rejoining the realm…

Still unreachable

The connection could not be restored.

Session expired

The server has moved on; the page needs a fresh start.